[Event "Early Titled Tuesday Blitz | February 8 2022"]
[White "Alves Campelo, Danilo Cesar De L"]
[Black "Novikova, Galina"]
[WhiteFideId "2123657"]
[BlackFideId "4157095"]
[WhiteElo "1994"]
[BlackElo "1863"]
[Result "1-0"]
[Round "06"]
[TimeControl "180+1"]
[Date "2022.02.08"]
[WhiteClock "0:00:40"]
[BlackClock "0:01:38"]

1. e4 e6 2. d4 d5 3. Nd2 Nc6 4. c3 e5 5. exd5 Qxd5 6. dxe5 Nxe5 7. Ngf3 Nd3+ 8. Bxd3 Qxd3 9. Ne5 Qd5 10. Ndf3 Qxd1+ 11. Kxd1 Bf5 12. Nd4 O-O-O 13. Nxf7 Rd7 14. Nxh8 c5 15. Be3 cxd4 16. Bxd4 Nf6 17. f3 Bc5 18. g4 Be6 19. Re1 Bxd4 20. cxd4 Rxd4+ 21. Kc2 Bd5 22. Rad1 Rc4+ 23. Kb1 Bxf3 24. Rc1 Rxc1+ 25. Rxc1+ Kd7 26. Nf7 Ke6 27. Ng5+ Ke5 28. Nxf3+ Kf4 29. Nd4 Nxg4 30. h3 Nf2 31. Ne6+ Ke3 32. Nxg7 Nd3 33. Rc3 Kd4 34. Rxd3+ Kxd3 35. Kc1 Ke3 36. Nh5 Kf3 37. Nf6 h6 38. h4 Kf4 39. Ng8 h5 40. Nf6 b5 41. Kc2 Ke5 42. Nxh5 a5 43. Kd3 Kf5 44. Ng3+ Kg4 45. h5 Kg5 46. Kd4 1-0


[Site "https://www.chess.com"]

[Event "Early Titled Tuesday Blitz | February 8 2022"]
[White "Andreikin, Dmitry"]
[Black "Garcia Martin, Marta"]
[WhiteFideId "4158814"]
[BlackFideId "32084030"]
[WhiteElo "2736"]
[BlackElo "2102"]
[Result "1-0"]
[Round "06"]
[TimeControl "180+1"]
[Date "2022.02.08"]
[WhiteClock "0:02:19"]
[BlackClock "0:00:07"]

1. c4 b6 2. Nc3 Bb7 3. d4 e6 4. e4 Bb4 5. Bd3 f5 6. Qh5+ g6 7. Qe2 Nf6 8. Bg5 fxe4 9. Bxe4 Bxe4 10. Bxf6 Qxf6 11. Qxe4 Nc6 12. Nf3 O-O 13. O-O Bxc3 14. bxc3 Rad8 15. Rad1 Qf5 16. Qe2 Rfe8 17. Rfe1 Re7 18. h3 d6 19. Qe3 Na5 20. Qe2 Rde8 21. Nh2 e5 22. Ng4 Kg7 23. dxe5 dxe5 24. c5 e4 25. cxb6 axb6 26. Ne3 Qf7 27. c4 c6 28. Qb2+ Qf6 29. Qxb6 Ra8 30. Ng4 Qe6 31. Qd4+ 1-0


[Site "https://www.chess.com"]

[Event "Early Titled Tuesday Blitz | February 8 2022"]
[White "Aradhya, Garg"]
[Black "Sarana, Alexey"]
[WhiteFideId "25006746"]
[BlackFideId "24133795"]
[WhiteElo "2169"]
[BlackElo "2665"]
[Result "0-1"]
[Round "06"]
[TimeControl "180+1"]
[Date "2022.02.08"]
[WhiteClock "0:00:09"]
[BlackClock "0:01:13"]

1. d4 Nf6 2. c4 e6 3. Nf3 d5 4. Nc3 Bb4 5. Qb3 c5 6. dxc5 Nc6 7. Bg5 dxc4 8. Qxc4 Qa5 9. Bxf6 gxf6 10. Rc1 Qxc5 11. Qxc5 Bxc5 12. e3 Bd7 13. Be2 Rc8 14. O-O Bd6 15. Ne4 Be7 16. Nc5 Bxc5 17. Rxc5 Ke7 18. Rfc1 Kd6 19. Nd2 f5 20. a3 Ne5 21. Rxc8 Bxc8 22. f4 Nc6 23. Nc4+ Ke7 24. b4 Bd7 25. Kf2 Rc8 26. Ke1 Nxb4 27. axb4 b5 28. Kd2 bxc4 29. Rxc4 Rb8 30. Rc7 Rxb4 31. Rxa7 Rb2+ 32. Ke1 Kd6 33. Ra6+ Kc5 34. Ra7 Kd6 35. Ra6+ Ke7 36. Ra7 f6 37. Bf3 Kd6 38. Ra6+ Kc5 39. Ra7 Rb1+ 40. Kf2 Rb2+ 41. Kg3 Rd2 42. Kh4 Rd3 43. e4 fxe4 44. Bxe4 Rd4 45. Bxh7 Rxf4+ 46. Kg3 Rd4 47. Ra3 f5 48. h3 e5 49. Rf3 f4+ 50. Kh4 e4 51. Rxf4 e3 52. Rxd4 Kxd4 53. Kg3 Kc3 54. Kf3 Kd2 55. Bg8 e2 56. Bc4 e1=Q 57. Kf4 Qe3# 0-1


[Site "https://www.chess.com"]

[Event "Early Titled Tuesday Blitz | February 8 2022"]
[White "Araujo Sanchez, Josue"]
[Black "Matlakov, Maxim"]
[WhiteFideId "6416896"]
[BlackFideId "4168003"]
[WhiteElo "2605"]
[BlackElo "2855"]
[Result "0-1"]
[Round "06"]
[TimeControl "180+1"]
[Date "2022.02.08"]
[WhiteClock "0:00:16"]
[BlackClock "0:01:14"]

1. d4 d5 2. Nf3 Nf6 3. c4 dxc4 4. Nc3 a6 5. e3 b5 6. a4 b4 7. Na2 e6 8. Bxc4 Bb7 9. O-O Nbd7 10. Bd2 a5 11. Nc1 Bd6 12. Nd3 O-O 13. Rc1 Qe7 14. Qe2 Rfd8 15. Rfd1 Ne4 16. Be1 Rac8 17. Nfe5 Bxe5 18. Nxe5 Nxe5 19. dxe5 Nc5 20. Rxd8+ Rxd8 21. b3 h6 22. f3 Bd5 23. Bxd5 exd5 24. Qc2 Ne6 25. Qc6 d4 26. Bf2 dxe3 27. Bxe3 Rd3 28. Qa8+ Qf8 29. Qe4 Rxb3 30. f4 g6 31. g4 Qd8 32. f5 Ng5 33. Bxg5 Qxg5 34. Rxc7 gxf5 35. Qa8+ Kg7 36. Rxf7+ Kxf7 37. Qd5+ Kg7 38. Qxb3 Qxg4+ 39. Kh1 Qe4+ 40. Kg1 Qxe5 41. Qc4 Qe1+ 0-1


[Site "https://www.chess.com"]

[Event "Early Titled Tuesday Blitz | February 8 2022"]
[White "Artemenko, Oleg"]
[Black "Howell, David W L"]
[WhiteFideId "14201798"]
[BlackFideId "410608"]
[WhiteElo "2639"]
[BlackElo "2999"]
[Result "0-1"]
[Round "06"]
[TimeControl "180+1"]
[Date "2022.02.08"]
[WhiteClock "0:00:06"]
[BlackClock "0:00:16"]

1. d4 f5 2. Nc3 Nf6 3. Bg5 d5 4. Nf3 g6 5. Qd2 Nbd7 6. O-O-O Ne4 7. Nxe4 dxe4 8. Ne1 Nf6 9. e3 Be6 10. Bxf6 exf6 11. Kb1 Bd6 12. h4 h5 13. g3 O-O 14. Be2 c6 15. Ng2 Bf7 16. Nf4 b5 17. Qc3 Qb6 18. Qd2 a5 19. Rc1 Rfb8 20. c4 Qb7 21. c5 Bxf4 22. gxf4 Qd7 23. Bd1 a4 24. Qb4 Qd5 25. a3 Kf8 26. Be2 Ke7 27. Kc2 Rg8 28. Rcg1 Qa2 29. Ra1 Qe6 30. Rag1 Qd7 31. Rg3 Qd5 32. Rgg1 Kf8 33. Rg3 Qa2 34. Rgg1 Rg7 35. Ra1 Qd5 36. Rag1 Kg8 37. Rg3 Kh7 38. Rhg1 Rgg8 39. Kc3 Kh6 40. Bd1 Rg7 41. Be2 Rag8 42. Kd2 Qa2 43. Kc3 g5 44. hxg5+ fxg5 45. fxg5+ Rxg5 46. Rxg5 Rxg5 47. Rxg5 Kxg5 48. f4+ Kh4 49. Bd1 Kg3 50. Qa5 Qc4+ 51. Kd2 Qd3+ 52. Kc1 Qxe3+ 53. Kb1 Qxd4 54. Qe1+ Qf2 55. Qc3+ Kxf4 56. Qf6 Bb3 57. Qh6+ Kg3 58. Qg5+ Kh2 59. Qxh5+ Kg1 60. Qg5+ Kf1 61. Bxb3 axb3 62. Qc1+ Qe1 63. Qxe1+ Kxe1 64. a4 bxa4 65. Kc1 e3 66. Kb1 f4 67. Kc1 f3 68. Kb1 f2 69. Kc1 f1=Q 0-1


[Site "https://www.chess.com"]

[Event "Early Titled Tuesday Blitz | February 8 2022"]
[White "Ashiev, Eduard"]
[Black "Orlov, Georgi"]
[WhiteFideId "4130090"]
[BlackFideId "2011271"]
[WhiteElo "2004"]
[BlackElo "2466"]
[Result "0-1"]
[Round "06"]
[TimeControl "180+1"]
[Date "2022.02.08"]
[WhiteClock "0:00:19"]
[BlackClock "0:00:48"]

1. d4 e6 2. e4 d5 3. Nc3 Bb4 4. exd5 exd5 5. Bd3 Nf6 6. h3 O-O 7. Qf3 c5 8. dxc5 d4 9. a3 Ba5 10. b4 dxc3 11. bxa5 Qxa5 12. Ne2 Nbd7 13. O-O Ne5 14. Qg3 Nxd3 15. Qxd3 Qxc5 16. Qxc3 Qc6 17. Qxc6 bxc6 18. Bb2 Nd5 19. c4 Nb6 20. c5 Nc4 21. Bc3 Be6 22. Nf4 Bf5 23. Rfe1 Rfe8 24. f3 f6 25. g4 Bd7 26. Kf2 Rxe1 27. Rxe1 Re8 28. Rxe8+ Bxe8 29. a4 Bd7 30. Ke2 Bc8 31. Kd3 Ba6 32. Kd4 Ne5 33. Ke3 Nd7 34. Bd4 Bc4 35. h4 Kf7 36. h5 g5 37. hxg6+ hxg6 38. Kd2 g5 39. Ng2 Bd5 40. Ke3 Ke6 41. f4 Bxg2 42. fxg5 fxg5 43. Kd3 Ne5+ 44. Kc3 Nxg4 45. Kb4 Bf1 46. Bc3 Ne3 0-1


[Site "https://www.chess.com"]

[Event "Early Titled Tuesday Blitz | February 8 2022"]
[White "Ashwin, Jayaram"]
[Black "Golsta, Madara"]
[WhiteFideId "5018137"]
[BlackFideId "11607386"]
[WhiteElo "2461"]
[BlackElo "1997"]
[Result "1/2-1/2"]
[Round "06"]
[TimeControl "180+1"]
[Date "2022.02.08"]
[WhiteClock "0:00:54"]
[BlackClock "0:00:05"]

1. d4 Nf6 2. c4 g6 3. Nc3 d5 4. cxd5 Nxd5 5. e4 Nxc3 6. bxc3 Bg7 7. Be3 c5 8. Rc1 Qa5 9. Qd2 cxd4 10. cxd4 Qxd2+ 11. Bxd2 O-O 12. Nf3 f5 13. Bc4+ Kh8 14. e5 Nc6 15. h4 h6 16. h5 g5 17. Nxg5 hxg5 18. h6 Nxd4 19. hxg7+ Kxg7 20. Bxg5 Re8 21. Bh6+ Kg6 22. Be3 Nc6 23. f4 Bd7 24. e6 Bc8 25. Ke2 Rd8 26. g4 fxg4 27. Rcg1 Nd4+ 28. Kf2 Bxe6 29. Bd3+ Bf5 30. Rxg4+ Kf7 31. Bxf5 Nxf5 32. Rh7+ Ke6 33. Rg6+ Kd5 34. Rh5 Rf8 35. Rgg5 e6 36. Rh7 Rac8 37. Rxb7 Rc2+ 38. Ke1 Ke4 39. Bxa7 Rh8 40. Rg1 Rxa2 41. Rb4+ Kf3 42. Rb3+ Kxf4 43. Rf1+ Kg5 44. Be3+ Nxe3 45. Rxe3 Ra1+ 46. Ke2 Rxf1 47. Kxf1 Kf5 48. Ra3 e5 49. Ke2 Rh2+ 50. Ke1 Kf4 51. Kf1 e4 52. Ke1 Rc2 53. Kf1 Rb2 54. Ke1 Rg2 55. Kf1 Rd2 56. Ke1 e3 57. Ra8 Rb2 58. Rf8+ Ke4 59. Re8+ Kf4 60. Rf8+ Ke4 61. Re8+ Kf4 62. Rf8+ 1/2-1/2


[Site "https://www.chess.com"]

[Event "Early Titled Tuesday Blitz | February 8 2022"]
[White "Avazkhonov, Alikhon"]
[Black "parintele_chess"]
[WhiteFideId "14208504"]
[WhiteElo "1739"]
[BlackElo "2229"]
[Result "0-1"]
[Round "06"]
[TimeControl "180+1"]
[Date "2022.02.08"]
[WhiteClock "0:00:02"]
[BlackClock "0:00:06"]

1. c4 c5 2. Nc3 Nc6 3. g3 g6 4. Bg2 Bg7 5. e4 d6 6. Nge2 e6 7. O-O Nge7 8. d3 h6 9. Be3 Nd4 10. Qd2 Nec6 11. f4 f5 12. h3 O-O 13. Rae1 a6 14. b3 Bd7 15. Nd1 b5 16. Nf2 bxc4 17. dxc4 a5 18. Nd3 a4 19. Rb1 axb3 20. axb3 Qa5 21. Qxa5 Nxe2+ 22. Kf2 Rxa5 23. Kxe2 Ra2+ 24. Bd2 Nd4+ 25. Kd1 Bc6 26. Nc1 Ra3 27. Re1 Rfa8 28. Bh1 Ra1 29. Rxa1 Rxa1 30. Bc3 Rb1 31. Bxd4 Bxd4 32. exf5 Bxh1 33. Rxh1 gxf5 34. Kd2 Rb2+ 35. Kd3 Rg2 36. g4 Rg3+ 37. Ke2 Kg7 38. gxf5 exf5 39. Nd3 Rg2+ 40. Kf3 Rd2 41. Ne1 Rf2+ 42. Kg3 h5 43. Nf3 Rb2 44. Rd1 Rxb3 45. Kg2 Rb2+ 46. Kh1 Rb3 47. Nxd4 cxd4 48. Rxd4 Rxh3+ 49. Kg2 Rc3 50. Rxd6 Rxc4 51. Rd7+ Kf6 52. Rd6+ Kg7 53. Rd5 Rxf4 54. Kg3 Rg4+ 55. Kf3 f4 56. Rxh5 Rg3+ 57. Kxf4 Rb3 58. Rg5+ Kf6 0-1


[Site "https://www.chess.com"]

[Event "Early Titled Tuesday Blitz | February 8 2022"]
[White "Avila Pavas, Santiago"]
[Black "Estrada Nieto, Julian"]
[WhiteFideId "4437128"]
[BlackFideId "5101018"]
[WhiteElo "2242"]
[BlackElo "2246"]
[Result "1-0"]
[Round "06"]
[TimeControl "180+1"]
[Date "2022.02.08"]
[WhiteClock "0:01:14"]
[BlackClock "0:00:04"]

1. d4 d5 2. Nf3 Nf6 3. Bf4 c5 4. e3 Nc6 5. Nbd2 e6 6. Bb5 cxd4 7. exd4 Bd7 8. O-O Be7 9. c3 O-O 10. Bd3 Nh5 11. Be3 f5 12. Nb3 b6 13. Re1 Bd6 14. Ne5 Nf6 15. Bg5 Ne7 16. f3 h6 17. Bh4 Be8 18. Qe2 Qc8 19. Ba6 Qc7 20. Bb5 Bh5 21. Nd7 Ne4 22. g4 fxg4 23. fxe4 Ng6 24. e5 Nxh4 25. exd6 Qxd6 26. Qxe6+ Qxe6 27. Rxe6 Nf3+ 28. Kh1 Rf4 29. Bc6 Rd8 30. Ne5 Nxe5 31. Rxe5 Bf7 32. Kg2 Rf3 33. Rf1 Rxf1 34. Kxf1 g5 35. Nc1 Kg7 36. Nd3 Kf6 37. Nb4 Be6 38. Bxd5 Bc8 39. Bg2 a5 40. Nd5+ Kg6 41. Nxb6 Bf5 42. Be4 Bxe4 43. Rxe4 Kf5 44. Re5+ Kf4 45. Nd5+ Kf3 46. Re3# 1-0


[Site "https://www.chess.com"]

[Event "Early Titled Tuesday Blitz | February 8 2022"]
[White "Baches Garcia, Guillermo"]
[Black "Ovetchkin, Roman"]
[WhiteFideId "2209764"]
[BlackFideId "4119991"]
[WhiteElo "2459"]
[BlackElo "2409"]
[Result "0-1"]
[Round "06"]
[TimeControl "180+1"]
[Date "2022.02.08"]
[WhiteClock "0:00:10"]
[BlackClock "0:00:02"]

1. e4 c6 2. Nc3 d5 3. Nf3 dxe4 4. Nxe4 Nf6 5. Qe2 Nxe4 6. Qxe4 Nd7 7. d4 Nf6 8. Qf4 g6 9. Be2 Bg7 10. O-O O-O 11. c3 Bf5 12. Rd1 Qb6 13. a4 a5 14. h3 Rfd8 15. Ne5 Be6 16. Nd3 Bc4 17. Qh4 Bxd3 18. Bxd3 c5 19. dxc5 Qxc5 20. Be3 Qc7 21. Bb5 Nd5 22. Bg5 Bf6 23. Bxf6 Nxf6 24. Qh6 Rac8 25. Re1 Rd5 26. Re2 Rcd8 27. Rae1 e6 28. Qh4 Kg7 29. f3 Rd2 30. Qf2 Rxe2 31. Qxe2 Qd6 32. Qe5 Qxe5 33. Rxe5 Nd5 34. Re2 Nf4 35. Re4 g5 36. b4 Rd2 37. Bf1 axb4 38. Rxb4 Rd7 39. h4 h6 40. hxg5 hxg5 41. Kf2 Rc7 42. a5 Nd5 43. Rb5 Kf6 44. c4 Nf4 45. Rb6 Ng6 46. a6 bxa6 47. Rxa6 Ne5 48. Ra4 Nd7 49. Be2 Nc5 50. Ra8 Ke5 51. Rh8 f6 52. Re8 Ra7 53. Rf8 Ra2 54. Rc8 Nd3+ 55. Ke3 Nf4 56. Bf1 Nxg2+ 57. Bxg2 Rxg2 58. c5 Rc2 59. Kd3 Rc1 60. Kd2 Rc4 61. Kd3 Rd4+ 62. Kc3 Rf4 63. c6 Rxf3+ 64. Kc4 Kd6 65. Kb5 Rb3+ 66. Ka6 f5 67. Rg8 Kxc6 68. Rc8+ Kd5 69. Rc3 Rxc3 0-1


[Site "https://www.chess.com"]

[Event "Early Titled Tuesday Blitz | February 8 2022"]
[White "Bacrot, Etienne"]
[Black "Maurizzi, Marc`Andria"]
[WhiteFideId "605506"]
[BlackFideId "36083534"]
[WhiteElo "2673"]
[BlackElo "2186"]
[Result "0-1"]
[Round "06"]
[TimeControl "180+1"]
[Date "2022.02.08"]
[WhiteClock "0:00:04"]
[BlackClock "0:00:03"]

1. e4 c5 2. Nf3 e6 3. c3 Nf6 4. e5 Nd5 5. d4 cxd4 6. cxd4 b6 7. Nc3 Bb7 8. Bd3 Be7 9. O-O O-O 10. Ne4 Nc6 11. Bg5 f6 12. exf6 Nxf6 13. Qe2 Nd5 14. Be3 Ncb4 15. Neg5 Nxd3 16. Qxd3 Rf5 17. Ne4 Nb4 18. Qb1 Qe8 19. a3 Nd5 20. Ng3 Rxf3 21. gxf3 Qf7 22. Qe4 Bc6 23. Rac1 h5 24. Rxc6 dxc6 25. Re1 h4 26. Nf1 Rf8 27. Bd2 Qxf3 28. Qxf3 Rxf3 29. Rxe6 Bf6 30. Rxc6 Bxd4 31. Be1 Nf4 32. b4 Rxa3 33. Rd6 Be5 34. Rd7 a5 35. bxa5 bxa5 36. Bd2 Ne2+ 37. Kg2 Nf4+ 38. Kg1 a4 39. Ra7 Ne2+ 40. Kh1 Nf4 41. Ra5 Ra1 42. Kg1 Ne2+ 43. Kg2 Bf4 44. Kf3 Bxd2 45. Nxd2 Nd4+ 46. Kg4 a3 47. Kxh4 a2 48. Ra4 Nc2 49. Nc4 Kf7 50. Ra8 Ke6 51. Ra5 Kd7 52. Kh3 Kc6 53. Ne5+ Kb6 54. Nc4+ Kc6 55. Ne5+ Kd6 56. Nc4+ Ke6 57. Re5+ Kf6 58. Ra5 Nb4 59. Ra4 Rb1 60. Ne3 a1=Q 61. Ra6+ Qxa6 62. Ng4+ Kg5 0-1


[Site "https://www.chess.com"]

[Event "Early Titled Tuesday Blitz | February 8 2022"]
[White "Bambino Filho, Antonio Carlos"]
[Black "Madaminov, Mukhiddin"]
[WhiteFideId "2113163"]
[BlackFideId "14210703"]
[WhiteElo "2461"]
[BlackElo "1916"]
[Result "0-1"]
[Round "06"]
[TimeControl "180+1"]
[Date "2022.02.08"]
[WhiteClock "0:00:30"]
[BlackClock "0:02:30"]

1. d4 Nf6 2. c4 e6 3. Nc3 d5 4. cxd5 Nxd5 5. e4 Nxc3 6. bxc3 c5 7. Nf3 cxd4 8. cxd4 Be7 9. Bd3 O-O 10. O-O b6 11. Bb2 Bb7 12. Qe2 Nd7 13. Rad1 Nf6 14. d5 exd5 15. e5 Nd7 16. Nd4 Nc5 17. Bb1 Re8 18. Kh1 Bf8 19. f4 Ba6 20. Qh5 g6 21. Qg4 Bxf1 22. Rxf1 Qd7 23. Nf5 Rad8 24. Qg5 Ne4 25. Bxe4 dxe4 26. Nh6+ Bxh6 27. Qxh6 Qb5 0-1


[Site "https://www.chess.com"]

[Event "Early Titled Tuesday Blitz | February 8 2022"]
[White "Barp, Alberto"]
[Black "Svane, Frederik"]
[WhiteFideId "872555"]
[BlackFideId "12923044"]
[WhiteElo "2229"]
[BlackElo "2459"]
[Result "0-1"]
[Round "06"]
[TimeControl "180+1"]
[Date "2022.02.08"]
[WhiteClock "0:00:02"]
[BlackClock "0:00:07"]

1. d4 Nf6 2. c4 e6 3. g3 d5 4. Bg2 Bb4+ 5. Bd2 Be7 6. Nf3 O-O 7. O-O c6 8. Qc2 b6 9. Rd1 Nbd7 10. b3 h6 11. Bc3 Bb7 12. Nbd2 Rc8 13. e4 dxe4 14. Nxe4 Nxe4 15. Qxe4 Qc7 16. Re1 c5 17. d5 Bf6 18. Ne5 exd5 19. cxd5 Rfe8 20. f4 c4 21. b4 b5 22. Rad1 Nb6 23. Qc2 Rcd8 24. d6 Qc8 25. Bxb7 Qxb7 26. Qg2 Qxg2+ 27. Kxg2 Re6 28. d7 Bxe5 29. Rxe5 Rxe5 30. Bxe5 Rxd7 31. Rxd7 Nxd7 32. Bd4 a6 33. f5 Kf8 34. Kf3 Nf6 35. a3 Ke7 36. g4 Kd6 37. h4 Kd5 38. Ba1 Ne8 39. g5 hxg5 40. hxg5 g6 41. fxg6 fxg6 42. Kf4 Nd6 43. Bf6 Ne4 44. Bh8 Nd2 45. Ke3 Ne4 46. Bg7 Nxg5 47. Bf6 Ne4 48. Bb2 g5 0-1


[Site "https://www.chess.com"]

[Event "Early Titled Tuesday Blitz | February 8 2022"]
[White "Barrientos, Sergio E"]
[Black "Jarocka, Liwia"]
[WhiteFideId "4401824"]
[BlackFideId "21807558"]
[WhiteElo "2441"]
[BlackElo "1896"]
[Result "1-0"]
[Round "06"]
[TimeControl "180+1"]
[Date "2022.02.08"]
[WhiteClock "0:00:45"]
[BlackClock "0:00:09"]

1. e4 e5 2. d4 exd4 3. Nf3 Nc6 4. c3 d5 5. exd5 Qxd5 6. cxd4 Bg4 7. Nc3 Bb4 8. Be2 Bxf3 9. Bxf3 Qc4 10. Bxc6+ Qxc6 11. O-O Bxc3 12. bxc3 O-O-O 13. Qb3 Nf6 14. Rb1 b6 15. Bg5 Qd5 16. Bxf6 gxf6 17. Qa4 Kb8 18. Rb5 Qe4 19. Rfb1 Rhg8 20. g3 Rg5 21. Qc4 Rxb5 22. Rxb5 Qe1+ 23. Qf1 Qe6 24. a4 f5 25. Qd3 f4 26. Rf5 fxg3 27. hxg3 Qc6 28. a5 Re8 29. d5 Re1+ 30. Kg2 Qh6 31. Kf3 Qh1+ 32. Kg4 Re4+ 33. f4 Re8 34. d6 Rg8+ 35. Rg5 Rxg5+ 36. fxg5 cxd6 37. Qxd6+ Kb7 38. Qd7+ Ka6 39. Qxf7 bxa5 40. Qc4+ Kb6 41. Qd4+ Kb7 42. Qd7+ Kb6 43. Qd8+ Ka6 44. Qf6+ Kb7 45. Qf7+ Kb6 46. Qe6+ Kb7 47. g6 hxg6 48. Qf7+ Kb8 49. Qxg6 Qd1+ 50. Kh3 Qh1+ 51. Kg4 Qd1+ 52. Kh4 Qh1+ 53. Kg5 Qc1+ 54. Kh5 Qxc3 55. Qe8+ Kb7 56. g4 Qh3+ 57. Kg5 a4 58. Qxa4 Qe3+ 59. Kh5 Qh3+ 60. Kg6 Qd3+ 61. Kh6 Qe3+ 62. g5 Qh3+ 63. Kg6 Qg4 64. Qxg4 1-0


[Site "https://www.chess.com"]

[Event "Early Titled Tuesday Blitz | February 8 2022"]
[White "Bashirli, Saadat"]
[Black "Shton, Roman"]
[WhiteFideId "13429990"]
[BlackFideId "14137461"]
[WhiteElo "1173"]
[BlackElo "2038"]
[Result "0-1"]
[Round "06"]
[TimeControl "180+1"]
[Date "2022.02.08"]
[WhiteClock "0:00:52"]
[BlackClock "0:00:53"]

1. d4 d5 2. Bg5 h6 3. Bf4 c6 4. Nf3 Qb6 5. Qc1 Bf5 6. e3 Nf6 7. c4 e6 8. c5 Qa5+ 9. Nc3 Nbd7 10. Ne5 Rc8 11. Be2 b6 12. cxb6 axb6 13. O-O Be7 14. Nxd7 Nxd7 15. Bf3 c5 16. dxc5 bxc5 17. e4 dxe4 18. Nxe4 Bxe4 19. Bxe4 Qb4 20. Qc2 Nf6 21. f3 Nxe4 22. fxe4 O-O 23. Be5 f6 24. Bc3 Qb7 25. Rad1 Rfd8 26. Qe2 c4 27. Qg4 Kf7 28. e5 f5 29. Qh5+ g6 30. Qxh6 Bc5+ 31. Kh1 Rh8 32. Qf4 g5 33. Qg3 Rh4 34. h3 Rch8 35. Rf3 f4 36. Qxg5 Rxh3+ 37. gxh3 Qxf3+ 38. Kh2 Rxh3# 0-1


[Site "https://www.chess.com"]

[Event "Early Titled Tuesday Blitz | February 8 2022"]
[White "Batsiashvili, Nino"]
[Black "Atzl, Florian"]
[WhiteFideId "13602993"]
[BlackFideId "1635891"]
[WhiteElo "2230"]
[BlackElo "2085"]
[Result "0-1"]
[Round "06"]
[TimeControl "180+1"]
[Date "2022.02.08"]
[WhiteClock "0:00:03"]
[BlackClock "0:00:11"]

1. d4 c5 2. d5 Nf6 3. Nc3 d6 4. e4 Nbd7 5. f4 a6 6. a3 b5 7. Nf3 b4 8. axb4 cxb4 9. e5 bxc3 10. exf6 cxb2 11. Bxb2 gxf6 12. Be2 Rg8 13. O-O Nc5 14. Nd4 Bd7 15. Re1 Qb6 16. Ba3 Na4 17. Bh5 Nc3 18. Qd2 Nb5 19. Bb2 Bh6 20. Kh1 Rc8 21. Nxb5 Qxb5 22. Bxf6 Bf8 23. Rxe7+ Bxe7 24. Qe3 Kd8 25. Qxe7+ Kc7 26. Bxf7 Rgf8 27. h3 Qc5 28. Be6 Rcd8 29. Rxa6 Qb5 30. Rc6+ Kb8 31. Bxd7 Qf1+ 32. Kh2 Qxf4+ 33. Kg1 Qxf6 34. Qxf6 Rxf6 35. Be6 Kb7 36. c4 Rxe6 37. dxe6 Kxc6 38. e7 Re8 0-1


[Site "https://www.chess.com"]

[Event "Early Titled Tuesday Blitz | February 8 2022"]
[White "Berdychevskaya, Natasha"]
[Black "Ratnakaran, K."]
[WhiteFideId "4159322"]
[BlackFideId "5005507"]
[WhiteElo "1780"]
[BlackElo "2391"]
[Result "0-1"]
[Round "06"]
[TimeControl "180+1"]
[Date "2022.02.08"]
[WhiteClock "0:00:55"]
[BlackClock "0:02:20"]

1. d4 Nf6 2. Bf4 c5 3. e3 cxd4 4. exd4 g6 5. c3 Bg7 6. Nf3 O-O 7. Nbd2 d6 8. Be2 Nh5 9. Bg5 h6 10. Bh4 Nf4 11. O-O Nxe2+ 12. Qxe2 g5 13. Bg3 f5 14. h4 f4 15. Bh2 g4 16. Ne1 e5 17. dxe5 dxe5 18. Ne4 Nc6 19. h5 Bf5 20. Rd1 Qh4 21. g3 Qxh5 22. gxf4 exf4 23. Bxf4 Rae8 24. Qc4+ Be6 25. Qc5 Qxc5 26. Nxc5 Rxf4 27. Ng2 Rff8 28. Rfe1 Ne5 29. Nf4 Rxf4 0-1


[Site "https://www.chess.com"]

[Event "Early Titled Tuesday Blitz | February 8 2022"]
[White "Bernadskiy, Vitaliy"]
[Black "Ozkan, Taha"]
[WhiteFideId "14100371"]
[BlackFideId "34577173"]
[WhiteElo "2473"]
[BlackElo "2024"]
[Result "0-1"]
[Round "06"]
[TimeControl "180+1"]
[Date "2022.02.08"]
[WhiteClock "0:00:58"]
[BlackClock "0:01:41"]

1. d4 d5 2. c4 c6 3. Nf3 e6 4. Bg5 Be7 5. Bxe7 Qxe7 6. e3 Nf6 7. Nbd2 O-O 8. Qc2 Nbd7 9. Be2 e5 10. dxe5 Nxe5 11. O-O Re8 12. h3 Ng6 13. Bd3 Be6 14. Rfe1 Rad8 15. cxd5 Nxd5 16. a3 Qf6 17. Ne4 Qe7 18. Nc5 Bc8 19. Rad1 b6 20. Ne4 c5 21. Neg5 h6 22. Nxf7 Ngf4 23. Bh7+ Kf8 24. exf4 Qxf7 25. Ne5 Qf6 26. g3 Ne7 27. Rxd8 Rxd8 28. Qc4 Be6 29. Ng6+ Qxg6 30. Qxe6 Qxe6 31. Rxe6 Kf7 32. Re1 g6 33. g4 Rh8 34. Rxe7+ Kxe7 35. Bxg6 Rd8 36. f5 Rd2 37. h4 Rxb2 38. g5 hxg5 39. hxg5 c4 40. f6+ Kf8 41. Be4 c3 42. g6 c2 43. g7+ Kf7 44. Bd5+ Kxf6 45. g8=Q c1=Q+ 46. Kg2 Qg5+ 47. Qxg5+ Kxg5 0-1


[Site "https://www.chess.com"]

[Event "Early Titled Tuesday Blitz | February 8 2022"]
[White "Bifulco, Michel"]
[Black "Fajdetic, Hrvoje"]
[WhiteFideId "828580"]
[BlackFideId "14501945"]
[WhiteElo "2165"]
[BlackElo "2140"]
[Result "1-0"]
[Round "06"]
[TimeControl "180+1"]
[Date "2022.02.08"]
[WhiteClock "0:00:26"]
[BlackClock "0:00:05"]

1. d4 e6 2. Nc3 d5 3. Bf4 Nf6 4. Nb5 Na6 5. e3 c6 6. Nc3 Bd6 7. Bxd6 Qxd6 8. Bxa6 bxa6 9. Nf3 a5 10. O-O O-O 11. Ne5 Nd7 12. Nxd7 Bxd7 13. Na4 e5 14. Nc5 Bf5 15. c3 Rab8 16. Qd2 Rb5 17. a3 Rxc5 18. dxc5 Qxc5 19. b4 Qb6 20. c4 Be6 21. c5 Qb5 22. Rfb1 Rb8 23. Rb2 a4 24. h3 Rd8 25. Rd1 d4 26. exd4 exd4 27. Qf4 d3 28. Rbd2 h6 29. Qc7 Rd7 30. Qc8+ Kh7 31. Qa8 Bb3 32. Rc1 Re7 33. Qd8 Re2 34. Qxd3+ Qxd3 35. Rxd3 a6 36. Ra1 Bd5 37. Re3 Rc2 38. Re7 Bc4 39. Rb7 Kg6 40. Rb6 Bb5 41. Rb7 f5 42. f4 Kf6 43. Rd1 Kg6 44. Rd6+ Kh5 45. Rxg7 Bc4 46. g4+ Kh4 47. gxf5 Bd5 48. Rxh6# 1-0


[Site "https://www.chess.com"]

[Event "Early Titled Tuesday Blitz | February 8 2022"]
[White "Blokhin, Sofia"]
[Black "Sovetbekova, Nurai"]
[WhiteFideId "4508190"]
[BlackFideId "13801910"]
[WhiteElo "1762"]
[BlackElo "1545"]
[Result "1-0"]
[Round "06"]
[TimeControl "180+1"]
[Date "2022.02.08"]
[WhiteClock "0:00:07"]
[BlackClock "0:00:02"]

1. e4 c5 2. Nf3 d6 3. d4 cxd4 4. Nxd4 Nf6 5. Nc3 a6 6. f3 e5 7. Nb3 Nc6 8. Be3 Be6 9. Qd2 b5 10. Nd5 Bxd5 11. exd5 Nb8 12. O-O-O Nbd7 13. Na5 Nb6 14. Nc6 Qc7 15. Bxb6 Qxb6 16. g4 Rc8 17. g5 Nxd5 18. Nxe5 Ne3 19. Qf2 Rxc2+ 20. Qxc2 Nxc2 21. Kxc2 dxe5 22. Bh3 Bd6 23. Rd5 O-O 24. Rhd1 Bc7 25. Kb1 Qe3 26. Bg4 Qxg5 27. Rd7 Bb8 28. a3 h5 29. Bh3 Qf6 30. R1d3 Kh7 31. Bf1 Rc8 32. Rd1 Qxf3 33. Bd3+ e4 34. Bc2 Qe2 35. R1d2 Qe1+ 36. Rd1 Qf2 37. R1d2 Qf5 38. R7d5 Qe6 39. R5d4 f5 40. Rd5 Bf4 41. Rd1 1-0


[Site "https://www.chess.com"]

[Event "Early Titled Tuesday Blitz | February 8 2022"]
[White "Bodnaruk, Anastasia"]
[Black "FGHSMN"]
[WhiteFideId "4181751"]
[WhiteElo "2393"]
[BlackElo "2769"]
[Result "0-1"]
[Round "06"]
[TimeControl "180+1"]
[Date "2022.02.08"]
[WhiteClock "0:00:46"]
[BlackClock "0:01:41"]

1. e4 c5 2. Nc3 d6 3. Nf3 Nf6 4. d4 cxd4 5. Nxd4 a6 6. h3 e5 7. Nde2 h5 8. g3 b5 9. Bg2 Be7 10. O-O h4 11. g4 Be6 12. Nd5 Bxd5 13. exd5 Nbd7 14. Be3 Rc8 15. f4 exf4 16. Nxf4 Ne5 17. g5 Nfd7 18. g6 Nxg6 19. Nxg6 fxg6 20. a4 Nf6 21. axb5 axb5 22. Qd3 O-O 23. Qxg6 Qe8 24. Qd3 Nd7 25. Bd4 Bf6 26. Rae1 Ne5 27. Qd2 Qg6 28. Kh1 Rxc2 29. Be4 Qxe4+ 30. Rxe4 Rxd2 0-1


[Site "https://www.chess.com"]